 Dungeon Crawl Stone Soup version 0.30-a0-374-g95c0257040 (webtiles) character file.

Game seed: 1767112013331281724

5 Lobster4 the Caller (level 1, -2/15 HPs)
             Began as a Hill Orc Summoner on Nov 26, 2022.
             Slain by a kobold
             ... wielding a +0 whip
              (4 damage)
             ... on level 1 of the Dungeon.
             The game lasted 00:00:30 (39 turns).

Lobster4 the Caller (Hill Orc Summoner)               Turns: 39, Time: 00:00:31

Health: -2/15      AC:  2    Str: 10    XL:     1   Next: 80%
Magic:  1/3        EV: 12    Int: 15    God:
Gold:   0          SH:  0    Dex: 11    Spells: 2/3 levels left

rFire   . . .      SeeInvis .    (no weapon)
rCold   . . .      Faith    .    (no shield)
rNeg    . . .      Spirit   .    a - +0 robe
rPois   .          Reflect  .    (no helmet)
rElec   .          Harm     .    (no cloak)
rCorr   .          Rampage  .    (no gloves)
Will    .....                    (no boots)
Stlth   ++........               (no amulet)
HPRegen 0.22/turn                (no ring)
MPRegen 0.08/turn                (no ring)

@: no status effects
A: no striking features
a: no special abilities


You were on level 1 of the Dungeon.
You visited 1 branch of the dungeon, and saw 1 of its levels.

Inventory:

Armour
 a - a +0 robe (worn)
Potions
 b - a potion of magic


   Skills:
 + Level 0.4 Fighting
 + Level 0.2 Armour
 + Level 1.6 Dodging
 + Level 1.6 Stealth
 + Level 1.6 Spellcasting
 + Level 4.0 Summonings


You had 2 spell levels left.
You knew the following spells:

 Your Spells              Type           Power      Damage    Failure   Level
a - Summon Small Mammal   Summ           52%        N/A       4%          1

Your spell library contained the following spells:

 Spells                   Type           Power      Damage    Failure   Level
 Call Imp                 Summ           13%        N/A       7%          2
 Call Canine Familiar     Summ           13%        N/A       13%         3
 Summon Guardian Golem    Hex/Summ       7%         N/A       30%         3
 Summon Lightning Spire   Summ/Air       7%         N/A       69%         4


Dungeon Overview and Level Annotations

Branches:
Dungeon (1/15)

Altars:


Message History

The dart slug misses you.
Your rat bites the kobold.
Your bat barely misses the dart slug.
The kobold hits you but does no damage.
You hit the kobold but do no damage.
The kobold is severely wounded.
Your bat hits the dart slug. The dart slug bites you.
Your rat closely misses the kobold.
The kobold hits you but does no damage.
You hit the kobold.
You kill the kobold!
The dart slug bites you but does no damage.
Your bat hits the dart slug but does no damage.
You hit the dart slug but do no damage.
The dart slug is lightly wounded.
Your bat hits the dart slug but does no damage.
A stone appears from out of your range of vision.
The stone misses your bat.
Your rat bites the dart slug.
You hit the dart slug.
The dart slug is heavily wounded.
The dart slug bites you.
Your bat hits the dart slug.
Your rat bites the dart slug.
You hit the dart slug but do no damage.
The dart slug is almost dead.
Your bat hits the dart slug but does no damage.
The dart slug bites you.
Your rat bites the dart slug.
The dart slug dies!
A kobold comes into view. It is wielding a +0 whip.
Found an escape hatch in the floor.
Your bat completely misses the kobold.
Your bat hits the kobold but does no damage.
Your rat closely misses the kobold.
You hit the kobold but do no damage. Your bat misses the kobold.
The kobold closely misses you.
Your rat bites the kobold.
You closely miss the kobold.
The kobold is moderately wounded.
Your bat closely misses the kobold.
The kobold hits you with a +0 whip.
* * * LOW HITPOINT WARNING * * *
Your rat barely misses the kobold.
You barely miss the kobold.
The kobold is moderately wounded.
Your bat hits the kobold but does no damage.
Your rat closely misses the kobold.
The kobold hits you with a +0 whip.
You die...

#. ..#####.####
#..........#
.>.8.......#
...........####
.........)....##
#............#
..#...br..####'####
......K@.##PP#.#PP##
........##P~~#.#..P##
.......##P~~~#.#.PPP##
#.#.####P~~~~#.#...PP#
# #. #P~~~~#.#....P#
#######.#######
+......<......+
#######.#######
#PP...#.#~~~~P#


You could see a kobold (ally target), a friendly bat (summoned) and a friendly
rat (summoned).

Vanquished Creatures
  A kobold (D:1)
1 creature vanquished.

Vanquished Creatures (collateral kills)
  A dart slug (D:1)
  A hobgoblin (D:1)
2 creatures vanquished.

Grand Total: 3 creatures vanquished

Notes
Turn   | Place    | Note
-------+----------+-------------------------------------------
     0 | D:1      | Lobster4 the Hill Orc Summoner began the quest for the Orb.
     0 | D:1      | Reached XP level 1. HP: 14/14 MP: 3/3
    39 | D:1      | Slain by a kobold

Illustrated notes

Levels and vault maps discovered:
D:1:      psy_arrival_terrarium, layout_loops_ring, serial_shops, shop_statue,
          minmay_cupped

Action                   || total
-------------------------++-------
Melee: Unarmed           ||    15
 Cast: Summon Small Mamm ||     3
Armor: Robe              ||     3
Dodge: Dodged            ||     4

Table legend: (Time is in decaauts)
 A = Elapsed time spent in this place.
 B = Non-inter-level travel time spent in this place.
 C = Inter-level travel time spent in this place.
 D = Time resting spent in this place.
 E = Time spent auto-exploring this place.
 F = Levels seen in this place.
 G = Mean time per level.
                   A        B        C        D        E       F      G
               +--------+--------+--------+--------+--------+-----+--------+
         Total |     39 |     39 |      0 |      0 |      7 |   1 |   39.0 |
       Dungeon |     39 |     39 |      0 |      0 |      7 |   1 |   39.0 |
               +--------+--------+--------+--------+--------+-----+--------+

Top non-repeatable levels by time:
     D:1: 39 daAuts
